 Dungeon Crawl Stone Soup version 0.26.0-45-g9c1d065592 (webtiles) character file.

Game seed: 12998767673111277220

6892 thiole the Tainter (level 11, -11/112 HPs)
             Began as an Octopode Venom Mage on Jan 27, 2021.
             Was an Initiate of Gozag.
             Killed from afar by Erolcha (48 damage)
             ... with a crystal spear
             ... on level 9 of the Dungeon.
             The game lasted 00:19:30 (13419 turns).

thiole the Tainter (Octopode Venom Mage)           Turns: 13419, Time: 00:19:31

Health: -11/112    AC: 25    Str:  8    XL:     11   Next: 6%
Magic:  0/19       EV:  2    Int: 20    God:    Gozag
Gold:   1261       SH:  0    Dex: 13    Spells: 7/21 levels left

rFire    . . .     SeeInvis .   j - +2 dagger (speed)
rCold    . . .     Faith    .   (no shield)
rNeg     + + +     Spirit   +   (helmet currently unavailable)
rPois    +         Reflect  .   s - amulet of guardian spirit
rElec    .         Harm     .   (no ring)
rCorr    .         Rampage  .   (no ring)
Will     +....     NoTele   +   (no ring)
Stlth    +++.......             (no ring)
HPRegen  0.00/turn              (no ring)
MPRegen  0.16/turn              (no ring)
                                (no ring)
                                (no ring)

@: tree-form, gold aura
A: almost no armour, stealthy swim, (amphibious), 8 rings, (constrict 8),
strong-willed 1, inhibited regeneration
a: Renounce Religion, Potion Petition, Call Merchant, Bribe Branch


You were on level 9 of the Dungeon.
You worshipped Gozag.
Gozag was most pleased with you.
You were a tree.
You visited 1 branch of the dungeon, and saw 9 of its levels.

You collected 1419 gold pieces.
You spent 125 gold pieces at shops.
You paid 33 gold pieces to Gozag.

Inventory:

Hand Weapons
 j - a +2 dagger of speed (weapon)
 m - a +2 hunting sling of freezing
Missiles
 n - 288 stones
 o - 7 boomerangs of dispersal
Jewellery
 p - an uncursed amulet of faith
 s - an amulet of guardian spirit (around neck)
 y - a cursed -4 ring of dexterity {unknown}
Wands
 f - a wand of flame (18)
 l - a wand of polymorph (18)
 x - a wand of random effects (23)
Scrolls
 a - 4 scrolls of fog {unknown}
 b - 4 scrolls of identify
 d - 3 scrolls of amnesia {unknown}
 e - 4 scrolls of blinking {unknown}
 h - 4 scrolls of teleportation {unknown}
 k - 7 scrolls of remove curse {unknown}
 z - a scroll of enchant armour {unknown}
Potions
 c - 4 potions of berserk rage
 g - 4 potions of curing
 i - a potion of invisibility
 q - a potion of brilliance {unknown}
 r - a potion of magic
 t - a potion of resistance
 u - 5 potions of might
 w - 3 potions of lignification
 A - a potion of degeneration {unknown}


   Skills:
 + Level 7.1 Fighting
 - Level 5.6 Dodging
 - Level 5.0 Stealth
 + Level 5.8 Spellcasting
 - Level 3.0 Transmutations
 * Level 5.5 Fire Magic
 - Level 12.6 Poison Magic


You had 7 spell levels left.
You knew the following spells:

 Your Spells              Type           Power        Failure   Level
a - Sting                 Tmut/Pois      100%         1%          1
b - Ignite Poison         Fire/Tmut/Pois 34%          1%          3
c - Olgreb's Toxic Radia  Pois           54%          1%          4
d - Shock                 Conj/Air       20%          11%         1
e - Fireball              Conj/Fire      8%           67%         5

Your spell library contained the following spells:

 Spells                   Type           Power        Failure   Level
 Poisonous Vapours        Pois/Air       62%          1%          2
 Mephitic Cloud           Conj/Pois/Air  22%          5%          3
 Starburst                Conj/Fire      8%           99%         6
 Ignition                 Fire           14%          100%        8


Dungeon Overview and Level Annotations

Branches:
Dungeon (9/15)             Temple (0/1) D:6
   Lair: D:8-11         Orc: D:9-12

Altars:
Dithmenos
Elyvilon
Fedhas
Gozag
Makhleb
Nemelex Xobeh
Qazlal
Sif Muna
Xom
The Shining One

Shops:
D:4 *   D:7 (

Annotations:
D:5 1 runed translucent door, Crazy Yiuf
D:9 Erolcha


Innate Abilities, Weirdness & Mutations

You cannot wear most types of armour.
You are very stealthy in the water. (Stealth+)
((You are amphibious.))
You can wear up to eight rings at the same time.
((You can use your tentacles to constrict eight enemies at once.))
((Your skin changes colour to match your surroundings (Stealth+).))
((Your rubbery body absorbs attacks. (AC +1, EV +1)))
You are strong-willed. (Will+)
You do not regenerate when monsters are visible.


Message History

You closely miss Erolcha.
Erolcha is heavily wounded.
Erolcha hits you with a +0 giant club!!
* * * LOW HITPOINT WARNING * * *
You feel much better. Erolcha hits you with a +0 giant club!
You hit Erolcha but do no damage.
Erolcha is heavily wounded.
Erolcha hits you but does no damage.
You hit Erolcha but do no damage.
Erolcha is heavily wounded.
Erolcha points at you and mumbles some strange words.
The crystal spear hits you!
* * * LOW HITPOINT WARNING * * *
You feel better. Erolcha hits you but does no damage.
You feel better.
Erolcha screams, "DIE!"
Erolcha casts a spell at you. The crystal spear hits you!!!
You die...
Your body crumbles into a pile of gold.

#.............
#.?..........O
#............$ $
#.##.....(.......
##
#................
.####
##.#..........#
..##..
#.#..###.#####
...#.#
######..O####....
...#.#
#........♣....$..
...#.#
####..##.#######.#
...#.# #..###..#
.# ...#.#####.##
##.# #
..##.......# ..
...#..###### ##)
......# #. ...#.##
...#<#


You could see Erolcha (fast, very poisoned).

Vanquished Creatures
  3 two-headed ogres (D:8)
  Harold (D:7)
  Maggie (D:6)
  A troll (D:9)
  A wyvern (D:8)
  Grum (D:9)
  Menkaure (D:6)
  A water moccasin (D:9)
  A black bear (D:9)
  2 orc warriors
  An ice beast (D:9)
  2 sky beasts
  A phantom (D:7)
  2 ogres
  3 wolves (D:9)
  2 centaurs
  4 bullfrogs
  A big kobold (D:7)
  A gnoll sergeant (D:8)
  A wyvern skeleton (D:6)
  A scorpion (D:4)
  4 killer bees (D:9)
  3 wights (D:6)
  A howler monkey (D:4)
  A bullfrog zombie (D:7)
  3 jellies (D:8)
  2 gnoll shamans
  A centaur skeleton (D:9)
  4 hounds
  An orc priest (D:4)
  8 orc wizards
  A bullfrog skeleton (D:6)
  5 iguanas
  6 worker ants
  2 hound zombies
  A hound skeleton (D:4)
  20 gnolls
  12 adders
  2 shadow imps (D:8)
  3 ufetubi
  An ooze (D:7)
  An adder skeleton (D:5)
  2 adder zombies (D:6)
  3 dart slugs
  5 leopard geckos
  13 orcs
  5 giant cockroaches
  12 goblins
  5 hobgoblins
  7 jackals
  18 kobolds
  5 quokkas
  A ball python (D:1)
  7 bats
  3 frilled lizards
  A jackal skeleton (D:8)
  2 quokka skeletons
  7 rats
  A butterfly (D:7)
211 creatures vanquished.

Notes
Turn   | Place    | Note
-------+----------+-------------------------------------------
     0 | D:1      | thiole the Octopode Venom Mage began the quest for the Orb.
     0 | D:1      | Reached XP level 1. HP: 11/11 MP: 3/3
   230 | D:1      | Reached XP level 2. HP: 17/17 MP: 3/5
   479 | D:1      | Reached skill level 4 in Poison Magic
  1119 | D:2      | Reached XP level 3. HP: 21/21 MP: 4/6
  2338 | D:3      | Reached XP level 4. HP: 27/27 MP: 4/7
  3058 | D:3      | Reached XP level 5. HP: 5/31 MP: 1/8
  3534 | D:3      | Found a shadowy altar of Dithmenos.
  3536 | D:3      | Found a blossoming altar of Fedhas.
  3537 | D:3      | Found an opulent altar of Gozag.
  3551 | D:3      | Became a worshipper of Gozag Ym Sagoz the Greedy
  3607 | D:3      | Reached skill level 5 in Poison Magic
  4155 | D:4      | Learned a level 3 spell: Ignite Poison
  4160 | D:4      | Learned a level 4 spell: Olgreb's Toxic Radiance
  4200 | D:4      | Found a sparkling altar of Nemelex Xobeh.
  4253 | D:4      | Reached XP level 6. HP: 31/36 MP: 6/10
  4323 | D:4      | Reached skill level 1 in Fire Magic
  4530 | D:4      | Reached skill level 6 in Poison Magic
  4717 | D:4      | Found Xozir's Assorted Antiques.
  4766 | D:4      | Bought a triangular malachite amulet for 125 gold pieces
  5173 | D:4      | Found a burning altar of Makhleb.
  5183 | D:4      | Reached skill level 5 in Stealth
  5183 | D:4      | Reached XP level 7. HP: 40/41 MP: 4/12
  5737 | D:5      | Entered Level 5 of the Dungeon
  6429 | D:5      | Found a stormy altar of Qazlal.
  6597 | D:5      | Reached skill level 1 in Fighting
  6677 | D:5      | Found a runed translucent door.
  6678 | D:5      | Noticed Crazy Yiuf
  6830 | D:6      | Reached skill level 7 in Poison Magic
  7101 | D:6      | Reached XP level 8. HP: 22/50 MP: 8/14
  7347 | D:6      | Found a staircase to the Ecumenical Temple.
  7770 | D:6      | Reached skill level 8 in Poison Magic
  7977 | D:6      | Noticed Maggie
  7996 | D:6      | Killed Maggie
  8288 | D:6      | Found a glowing golden altar of the Shining One.
  8296 | D:6      | Reached skill level 9 in Poison Magic
  8440 | D:6      | Noticed Menkaure
  8469 | D:6      | Killed Menkaure
  8503 | D:6      | Found a shimmering blue altar of Sif Muna.
  8515 | D:6      | Reached XP level 9. HP: 58/58 MP: 7/15
  8519 | D:6      | Identified Sif Muna's Collected Works on Weightlessness
  9163 | D:7      | Gained mutation: You do not regenerate when monsters are
                  | visible. [potion of mutation]
  9163 | D:7      | Gained mutation: You are strong-willed. (Will+) [potion of
                  | mutation]
  9343 | D:7      | Noticed Harold
  9355 | D:7      | Killed Harold
  9356 | D:7      | Reached skill level 10 in Poison Magic
  9625 | D:7      | Found a shimmering altar of Xom.
  9739 | D:7      | Reached skill level 5 in Fighting
 10042 | D:7      | Found Jebbulil's Weapon Shoppe.
 10191 | D:7      | Reached skill level 11 in Poison Magic
 11257 | D:8      | Noticed a two-headed ogre
 11261 | D:8      | Reached XP level 10. HP: 68/68 MP: 4/16
 11269 | D:8      | Killed a two-headed ogre
 11420 | D:8      | Learned a level 1 spell: Shock
 11423 | D:8      | Reached skill level 12 in Poison Magic
 11740 | D:8      | Noticed a two-headed ogre
 11745 | D:8      | Killed a two-headed ogre
 11746 | D:8      | Reached skill level 5 in Dodging
 11922 | D:8      | Noticed a two-headed ogre
 11939 | D:8      | Killed a two-headed ogre
 11940 | D:8      | Reached skill level 5 in Spellcasting
 12203 | D:8      | Found a white marble altar of Elyvilon.
 12779 | D:8      | Learned a level 5 spell: Fireball
 12823 | D:9      | Noticed Grum
 12831 | D:9      | Killed Grum
 13216 | D:9      | Reached skill level 5 in Fire Magic
 13219 | D:9      | Reached XP level 11. HP: 75/75 MP: 1/19
 13391 | D:9      | Noticed Erolcha
 13419 | D:9      | Killed from afar by Erolcha

Illustrated notes

Levels and vault maps discovered:
D:1:      elethiomel_arrival_quiet, layout_basic
D:2:      layout_basic, minmay_misc_feat_pillars, chequers_serial_rivers_small_b
D:3:      layout_loops_ring, grunt_temple_overflow_open
D:4:      layout_layer_cave, makhleb_heckhound_becter,
          nemelex_xobeh_ov_fountains_minmay, serial_shops, nicolae_shop_stone,
          columned_hall_lemuel, chequers_serial_rivers_large_a,
          chequers_serial_rivers_room_a, kennysheep_generic_room_4
D:5:      layout_basic, kennysheep_little_box, kennysheep_generic_room_11,
          uniq_crazy_yiuf_cottage
D:6:      layout_basic, minmay_temple_entry_mini_moons, basic_altar,
          led_sif_book, uniq_menkaure, uniq_maggie
D:7:      layout_cave_pods, xom_butterflies, serial_shops, shop, uniq_harold
D:8:      layout_basic, elyvilon_altar_1
D:9:      layout_rooms, gammafunk_ghost_split, uniq_erolcha, uniq_grum

Skill      XL: |  1  2  3  4  5  6  7  8  9 10 |
---------------+-------------------------------+-----
Poison Magic   | 4 5 6 7 9 11 12 | 12.6
Stealth        | 3 4 5 |  5.0
Transmutations | 2 3 |  3.0
Spellcasting   | 3 4 5 |  5.8
Fire Magic     | 1 2 4 5 |  5.5
Fighting       | 1 3 5 7 |  7.1
Dodging        | 4 5 |  5.6

Action                   |  1- 3 |  4- 6 |  7- 9 | 10-12 || total
-------------------------+-------+-------+-------+-------++-------
Melee: Unarmed           |     5 |       |       |       ||     5
       Constrict         |     7 |    11 |    23 |     2 ||    43
       Tentacles         |     3 |     3 |    30 |     3 ||    39
       Dagger            |    10 |    39 |   150 |    23 ||   222
 Cast: Sting             |    56 |    98 |    81 |    42 ||   277
       Olgreb's Toxic Ra |       |     2 |    39 |    18 ||    59
       Ignite Poison     |       |       |    24 |    11 ||    35
       Shock             |       |       |       |    13 ||    13
  Use: Potion            |       |       |     4 |     5 ||     9
       Scroll            |       |       |     8 |       ||     8
 Stab: Sleeping          |       |       |     3 |       ||     3
Armor: Skin              |     1 |     1 |     6 |     2 ||    10
Dodge: Dodged            |    19 |    46 |    77 |    24 ||   166
